 Dungeon Crawl Stone Soup version 0.29.1-2-gbd0b4ee654 (webtiles) character file.

Game seed: 6076308139025257417

25525 zermelo the Severer (level 12, -16/110 HPs)
             Began as a Minotaur Berserker on Nov 30, 2022.
             Was a High Priest of Trog.
             Demolished by an ogre
             ... wielding a +0 giant club
              (22 damage)
             ... on level 2 of the Orcish Mines.
             The game lasted 01:31:31 (18592 turns).

zermelo the Severer (Minotaur Berserker)           Turns: 18592, Time: 01:31:31

Health: -16/110    AC: 22    Str: 23    XL:     12   Next: 90%
Magic:  11/11      EV: 11    Int:  6    God:    Trog [*****.]
Gold:   1439       SH:  5    Dex: 15    Spells: 11/11 levels left

rFire   . . .      SeeInvis +   F - +4 battleaxe (freeze)
rCold   . . .      Faith    .   (shield currently unavailable)
rNeg    . . .      Spirit   .   v - +0 plate armour
rPois   +          Reflect  +   (helmet restricted)
rElec   +          Harm     .   N - +0 cloak
rCorr   +          Rampage  .   m - +1 pair of gloves
Will    +++..                   s - +2 pair of boots of Valour {rElec Will+ Str-2}
Stlth   ..........              M - amulet of reflection
HPRegen 1.28/turn               H - ring "Budun" {rPois rCorr Str-3 Int+2 SInv}
MPRegen 0.12/turn               D - +6 ring of dexterity

@: strong-willed, regenerating
A: horns 2, retaliatory headbutt
a: Renounce Religion, Berserk, Trog's Hand, Brothers in Arms


You were on level 2 of the Orcish Mines.
You worshipped Trog.
Trog was extremely pleased with you.
You visited 2 branches of the dungeon, and saw 14 of its levels.

You collected 1827 gold pieces.
You spent 388 gold pieces at shops.

Inventory:

Hand Weapons
 f - the +8 dagger of Zonkumna {vorpal, rElec Will+ Str+3}
   (Trog gifted it to you on level 12 of the Dungeon)

   It inflicts extra damage upon your enemies.
   Str:       It affects your strength (+3).
   rElec:     It insulates you from electricity.
   Will:      It increases your willpower.
 o - the +8 short sword "Viommergh" {vorpal, *Slow rElec rPois SInv}
   (You found it on level 3 of the Dungeon)

   It inflicts extra damage upon your enemies.
   rElec:     It insulates you from electricity.
   rPois:     It protects you from poison.
   SInv:      It lets you see invisible.
   *Slow:     It may slow you when you take damage.
 p - a +0 war axe
 F - a +4 battleaxe of freezing (weapon)
Missiles
 d - 26 poisoned darts (quivered)
 j - 2 throwing nets
 q - 10 curare-tipped darts
 T - 9 silver javelins
Armour
 m - a +1 pair of gloves (worn)
 s - the +2 pair of boots of Valour (worn) {rElec Will+ Str-2}
   (You found it on level 3 of the Dungeon)

   Str:       It affects your strength (-2).
   rElec:     It insulates you from electricity.
   Will:      It increases your willpower.
 v - a +0 plate armour (worn)
 y - a +0 buckler
 N - a +0 cloak (worn)
 U - a +2 kite shield
Jewellery
 r - the amulet of Elemental Vulnerability {rPois rF-- rC-- AC+8}
   (You found it on level 3 of the Dungeon)

   [amulet of nothing]

   AC:        It affects your AC (+8).
   rF:        It makes you very vulnerable to fire.
   rC:        It makes you very vulnerable to cold.
   rPois:     It protects you from poison.
 t - a ring of poison resistance
 D - a +6 ring of dexterity (right hand)
 H - the ring "Budun" (left hand) {rPois rCorr Str-3 Int+2 SInv}
   (You found it on level 7 of the Dungeon)

   [ring of see invisible]

   Str:       It affects your strength (-3).
   Int:       It affects your intelligence (+2).
   rPois:     It protects you from poison.
   SInv:      It lets you see invisible.
   rCorr:     It protects you from acid and corrosion.
 M - an amulet of reflection (around neck)
Wands
 c - a wand of quicksilver (6)
 h - a wand of charming (4)
 l - a wand of polymorph (3)
 w - a wand of flame (24)
 I - a wand of roots (9)
 J - a wand of mindburst (13)
 L - a wand of digging (4)
Scrolls
 b - 7 scrolls of teleportation
 e - 4 scrolls of amnesia
 i - a scroll of enchant armour
 k - 4 scrolls of vulnerability
 u - 4 scrolls of fog
 x - 2 scrolls of immolation
 G - a scroll of magic mapping
 K - a scroll of brand weapon
 P - a scroll of identify
 Q - a scroll of enchant weapon
 R - a scroll of fear
Potions
 a - a potion of mutation
 g - 8 potions of curing
 n - 3 potions of lignification
 z - a potion of ambrosia {unknown}
 A - 3 potions of flight {unknown}
 B - a potion of invisibility {unknown}
 E - a potion of resistance {unknown}
 O - 2 potions of attraction
 S - a potion of heal wounds {unknown}


   Skills:
 + Level 11.4 Fighting
 - Level 16.0 Axes
 + Level 11.1 Armour
 + Level 10.2 Dodging
 + Level 6.9 Shields
 + Level 5.2 Evocations


You had 11 spell levels left.
You didn't know any spells.
Your spell library was empty.

Dungeon Overview and Level Annotations

Branches:
Dungeon (12/15)            Temple (0/1) D:6            Lair (0/5) D:11
    Orc (2/2) D:9
    Elf: Orc:2

Altars:
Cheibriados
Dithmenos
Elyvilon
Gozag
Kikubaaqudgha
Makhleb
Nemelex Xobeh
Qazlal
Trog
Wu Jian

Shops:
D:1 =((*   D:8 ?   D:10 (   Orc:1 :


Innate Abilities, Weirdness & Mutations

You have a pair of horns on your head.
You reflexively headbutt those who attack you in melee.


Message History

You barely miss the two-headed ogre.
The two-headed ogre is moderately wounded.
You slice the two-headed ogre!! You freeze the two-headed ogre.
Your headbutt misses the two-headed ogre.
The two-headed ogre is almost dead.
The two-headed ogre hits you but does no damage. x2
You slash the two-headed ogre! You freeze the two-headed ogre.
You kill the two-headed ogre!
Trog accepts your kill.
You start resting.
HP restored.
You can't go up here!
You climb downwards.
The ogre shouts!
The two-headed ogre shouts in stereo!
You block the ogre's attack.
The ogre hits you with a +0 giant club!!
The two-headed ogre hits you with a +0 giant spiked club!
The two-headed ogre closely misses you.
The two-headed ogre hits you but does no damage.
The two-headed ogre barely misses you. The ogre misses you.
There is a stone staircase leading up, spattered with blood here.
Your two-headed ogre goes berserk!
The ogre hits you with a +0 giant spiked club!
The ogre misses you. You furiously retaliate!
You headbutt the ogre.
The two-headed ogre hits you with a +0 giant spiked club!
The two-headed ogre hits you with a +0 giant club!!
The two-headed ogre hits you but does no damage.
You block the two-headed ogre's attack.
The ogre hits you with a +0 giant spiked club!
* * * LOW HITPOINT WARNING * * *
Your skin crawls.
You feel strong-willed.
Your two-headed ogre hits the two-headed ogre with a +0 giant club!!!
Your two-headed ogre hits the two-headed ogre with a +0 giant spiked club!!
The two-headed ogre dies!
Trog accepts your kill.
The ogre hits you with a +0 giant spiked club!!
* * * LOW HITPOINT WARNING * * *
The ogre hits you with a +0 giant club!!
You die...

##....................
###.....#...............
#.......................
.....................#.#
#.###)).##....O.....#...
#..#.).#................
..............O.O.#.....
#.............#)OOO.....
###......)....#O@O...##.
#.................##
##...)....#........#
##...#).#........##. ...
####).............. ... ...
#...................#. .#.
##..................... ...
##..................... ...
#.......#...##.#...........


You could see a two-headed ogre, 6 ogres and a friendly two-headed ogre
(summoned, berserk).

Vanquished Creatures
  A hydra (D:12)
  5 two-headed ogres
  Urug (D:12)
  The ghost of elongatedgoose the Blocker, a novice MiFi of Wu Jian (D:8)
  5 skeletal warriors (D:11)
  Lodul (D:10)
  A deep elf archer (D:11)
  A deep elf pyromancer (D:12)
  An orc knight (Orc:1)
  An ugly thing (D:11)
  2 cyclopes
  2 orc sorcerers (Orc:2)
  A manticore (D:11)
  Maurice (D:10)
  Joseph (D:8)
  Maggie (D:8)
  Psyche (D:8)
  4 trolls
  Grinder (D:3)
  A wyvern (D:11)
  13 yaks
  3 steam dragons
  Grum (D:8)
  3 vampire mosquitoes (D:12)
  3 acid dragons
  4 water moccasins
  16 orc warriors
  2 sky beasts
  2 ice beasts (D:5)
  6 black bears
  15 ogres
  2 wolves (D:7)
  6 centaurs
  A kobold brigand (D:9)
  2 phantoms
  6 bullfrogs
  7 gnoll sergeants
  3 necrophages
  8 scorpions
  9 wights
  9 howler monkeys
  12 orc priests
  3 hounds
  2 jellies
  A gnoll bouda (D:9)
  An iguana (D:6)
  17 orc wizards
  Natasha (twice) (D:2)
  Robin (D:2)
  27 gnolls
  7 adders
  A white imp (D:6)
  An ufetubus (D:5)
  A worm (D:3)
  7 dart slugs
  62 orcs
  3 bats
  5 endoplasms
  3 giant cockroaches
  12 goblins
  7 hobgoblins
  2 jackals (D:2)
  3 quokkas
  7 ball pythons
  A ball python skeleton (D:2)
  4 ball python zombies (D:2)
  5 frilled lizards
  A giant cockroach zombie (D:2)
  8 kobolds
  6 rats
366 creatures vanquished.

Vanquished Creatures (collateral kills)
  A two-headed ogre (Orc:2)
1 creature vanquished.

Vanquished Creatures (others)
  32 fungi (D:11)
  36 plants
  18 withered plants (D:2)
86 creatures vanquished.

Grand Total: 453 creatures vanquished

Notes
Turn   | Place    | Note
-------+----------+-------------------------------------------
     0 | D:1      | zermelo the Minotaur Berserker began the quest for the Orb.
     0 | D:1      | Reached XP level 1. HP: 19/19 MP: 0/0
   298 | D:1      | Found Jeseuv's General Store.
   339 | D:1      | Reached XP level 2. HP: 27/27 MP: 1/1
   362 | D:1      | Found Sequiwess's Weapon Emporium.
   578 | D:1      | Reached skill level 4 in Axes
   634 | D:1      | Found Luesow's Antique Weapon Boutique.
   868 | D:1      | Found Tucuckox's Jewellery Shoppe.
  1337 | D:2      | Reached XP level 3. HP: 33/33 MP: 2/2
  1372 | D:2      | Noticed Robin
  1374 | D:2      | Reached skill level 5 in Axes
  1405 | D:2      | Killed Robin
  1932 | D:2      | Noticed Natasha
  1955 | D:2      | Killed Natasha
  1956 | D:2      | Reached XP level 4. HP: 24/40 MP: 3/3
  2074 | D:2      | Reached ** piety under Trog
  2082 | D:2      | Found the +4 dagger "Morg" {pain, Will+ Int+5}
  2205 | D:2      | Noticed Natasha
  2212 | D:2      | Killed Natasha
  2213 | D:2      | Reached skill level 6 in Axes
  2479 | D:3      | Identified the +8 short sword "Viommergh" {vorpal, *Slow
                  | rElec rPois SInv}
  2506 | D:3      | Noticed Grinder
  2507 | D:3      | Paralysed by Grinder for 4 turns
  2521 | D:3      | Paralysed by Grinder for 5 turns
  2528 | D:3      | Killed Grinder
  2529 | D:3      | Reached skill level 8 in Axes
  2529 | D:3      | Reached XP level 5. HP: 34/46 MP: 4/4
  2529 | D:3      | Reached XP level 6. HP: 38/52 MP: 5/5
  2642 | D:3      | Found a faded altar of an unknown god.
  2673 | D:3      | Found a snail-covered altar of Cheibriados.
  2785 | D:3      | Found the amulet of Elemental Vulnerability {rPois rF--
                  | rC-- AC+8}
  2789 | D:3      | Identified the +2 pair of boots of Valour {rElec Will+
                  | Str-2}
  3414 | D:4      | Reached skill level 9 in Axes
  3551 | D:4      | You fall into a shaft and drop 2 floors!
  3551 | D:6      | Found an ornate altar of the Wu Jian Council.
  3569 | D:6      | Reached XP level 7. HP: 57/58 MP: 6/6
  3604 | D:6      | Reached skill level 10 in Axes
  3826 | D:6      | Reached skill level 11 in Axes
  3855 | D:6      | Noticed a steam dragon
  3866 | D:6      | Killed a steam dragon
  3867 | D:6      | Reached XP level 8. HP: 60/66 MP: 7/7
  3988 | D:5      | Entered Level 5 of the Dungeon
  4039 | D:5      | Reached skill level 12 in Axes
  4213 | D:4      | Reached *** piety under Trog
  4699 | D:4      | Found a sparkling altar of Nemelex Xobeh.
  4949 | D:4      | Reached skill level 13 in Axes
  5506 | D:5      | Found a bloodstained altar of Trog.
  5689 | D:5      | Found a burning altar of Makhleb.
  6060 | D:6      | Reached skill level 14 in Axes
  6083 | D:6      | Found a staircase to the Ecumenical Temple.
  6096 | D:6      | Reached XP level 9. HP: 71/71 MP: 8/8
  6984 | D:7      | Identified the ring "Budun" {rPois rCorr Str-3 Int+2 SInv}
  6996 | D:7      | Reached skill level 5 in Fighting
  7073 | D:7      | Reached **** piety under Trog
  7473 | D:7      | Reached skill level 5 in Armour
  7540 | D:7      | Found an opulent altar of Gozag.
  7923 | D:1      | Bought an amulet of reflection for 360 gold pieces
  8101 | D:8      | Noticed Grum
  8119 | D:7      | Reached skill level 5 in Dodging
  8124 | D:8      | Killed Grum
  8132 | D:8      | Reached XP level 10. HP: 64/83 MP: 9/9
  8261 | D:8      | Noticed Maggie
  8284 | D:8      | Killed Maggie
  8449 | D:8      | Found Kenu Xid's Magic Scroll Shoppe.
  8457 | D:8      | Bought a scroll of identify for 28 gold pieces
  8491 | D:8      | Found an ancient bone altar of Kikubaaqudgha.
  8637 | D:8      | Noticed Joseph
  8653 | D:8      | Killed Joseph
  8654 | D:8      | Reached skill level 15 in Axes
  8808 | D:8      | Found a large runed translucent door.
  8808 | D:8      | Found a large runed translucent door.
  8810 | D:8      | Noticed elongatedgoose's ghost (novice MiFi)
  8833 | D:8      | Killed elongatedgoose's ghost
  9180 | D:8      | Noticed Psyche
  9198 | D:8      | Killed Psyche
 10578 | D:9      | Found a stormy altar of Qazlal.
 10755 | D:9      | Found a staircase to the Orcish Mines.
 11210 | D:9      | Reached XP level 11. HP: 95/95 MP: 10/10
 11727 | D:10     | Entered Level 10 of the Dungeon
 11733 | D:10     | Noticed Lodul
 11750 | D:10     | Killed Lodul
 12015 | D:10     | Reached ***** piety under Trog
 12095 | D:10     | Found a shadowy altar of Dithmenos.
 12096 | D:10     | Found a white marble altar of Elyvilon.
 12100 | D:10     | Found Saydege's Weapon Boutique.
 12222 | D:10     | Noticed Maurice
 12261 | D:10     | Killed Maurice
 12668 | D:10     | Reached skill level 16 in Axes
 12955 | D:11     | Noticed a white ugly thing
 12958 | D:11     | Noticed a two-headed ogre
 12980 | D:11     | Killed a two-headed ogre
 12981 | D:11     | Reached skill level 1 in Shields
 12981 | D:11     | Reached skill level 1 in Evocations
 13054 | D:11     | Noticed a two-headed ogre
 13074 | D:11     | Killed a two-headed ogre
 13198 | D:11     | Found a staircase to the Lair.
 13222 | D:11     | Noticed a skeletal warrior
 13231 | D:11     | Killed a white ugly thing
 13236 | D:11     | Killed a skeletal warrior
 13268 | D:11     | Noticed a skeletal warrior
 13270 | D:11     | Noticed a skeletal warrior
 13374 | D:11     | Noticed a skeletal warrior
 13380 | D:11     | Killed a skeletal warrior
 13382 | D:11     | Killed a skeletal warrior
 13388 | D:11     | Killed a skeletal warrior
 13389 | D:11     | Reached skill level 10 in Fighting
 13397 | D:11     | Noticed a skeletal warrior
 13681 | D:11     | Killed a skeletal warrior
 13682 | D:11     | Reached XP level 12. HP: 84/106 MP: 11/11
 13783 | D:11     | Noticed a two-headed ogre
 13964 | D:11     | Killed a two-headed ogre
 13965 | D:11     | Reached skill level 10 in Armour
 14343 | D:11     | Reached skill level 5 in Shields
 15112 | D:12     | Noticed a six-headed hydra
 15166 | D:12     | Killed a six-headed hydra
 15362 | D:12     | Noticed Urug
 15368 | D:12     | Killed Urug
 15747 | D:12     | Identified the +8 dagger of Zonkumna {vorpal, rElec Will+
                  | Str+3} (Trog gifted it to you on level 12 of the Dungeon)
 15747 | D:12     | Received a gift from Trog
 16538 | Orc:1    | Entered Level 1 of the Orcish Mines
 16737 | Orc:1    | Found Viytua Amem's Self-Improvement Boutique.
 16964 | Orc:2    | Entered Level 2 of the Orcish Mines
 17779 | Orc:2    | Reached skill level 10 in Dodging
 18089 | Orc:2    | Reached skill level 5 in Evocations
 18161 | Orc:2    | Noticed a two-headed ogre
 18201 | Orc:2    | Noticed a two-headed ogre
 18203 | Orc:2    | Noticed a two-headed ogre
 18353 | Orc:1    | Killed a two-headed ogre
 18487 | Orc:2    | Noticed a two-headed ogre
 18487 | Orc:2    | Noticed a two-headed ogre
 18495 | Orc:1    | Killed a two-headed ogre
 18590 | Orc:2    | Noticed a two-headed ogre
 18592 | Orc:2    | Killed a two-headed ogre
 18592 | Orc:2    | Demolished by an ogre

Illustrated notes

Levels and vault maps discovered:
D:1:      psy_arrival_spokes, layout_basic, serial_shops, shop_statue,
          nicolae_shop_temple_entry_statues_fountains, nicolae_shop_crystal,
          nicolae_shop_bloodbath_and_beyond
D:2:      layout_loops_cross, dilly_guarded_unrand_morg, uniq_robin
D:3:      layout_basic, mainiacjoe_overflow_catwalk, basic_ecumenical_altar,
          uniq_grinder
D:4:      layout_loops_corners, nemelex_dance_club_becter
D:5:      layout_loops_ring, mainiacjoe_overflow_large_starburst,
          ebering_dispersal_statue_hall, minmay_circle_x
D:6:      layout_rooms, pdpol_wu_jian_five_deadly_venoms,
          minmay_temple_entry_slanted
D:7:      layout_loops_cross, amcnicky_altar_gilded
D:8:      layout_cave_pods, mainiacjoe_overflow_boulevard, serial_shops, shop,
          ebering_ghost_disaster_area, uniq_maggie, uniq_joseph, uniq_grum,
          uniq_psyche
D:9:      layout_stronghold, nicolae_qazlal_eye_of_the_storm,
          kennysheep_orc_monster_closet_entryway, columned_hall_lemuel,
          serial_bayou_crossing
D:10:     layout_roguey, gammafunk_temple_overflow_statue, serial_shops,
          nicolae_shop_window_shopping, serial_corexii_hall,
          chequers_hall_statues_corner_a, chequers_hall_statues_corner_a,
          chequers_serial_rivers_micro_d, uniq_maurice, uniq_lodul
D:11:     layout_loops_cross, due_lair_maze_entry_diamond, serial_glass,
          glass_columns_a, glass_columns_c, item_on_display_a,
          item_on_display_a, minmay_strange_pillars,
          eino_small_chamber_without_monster, minmay_misc_feat_roman,
          kennysheep_just_a_vault
D:12:     layout_basic, uniq_urug
Orc:1:    layout_caves, nicolae_shop_self_help
Orc:2:    st_orc_ogre_mass, layout_caves

Skill      XL: |  1  2  3  4  5  6  7  8  9 10 11 12 |
---------------+-------------------------------------+-----
Axes           | 4 5 8 9 11 14 15 16 | 16.0
Fighting       | 6 8 10 11 | 11.4
Armour         | 5 7 9 11 | 11.1
Dodging        | 5 7 8 10 | 10.2
Shields        | 4 6 |  6.9
Evocations     | 3 5 |  5.2

Action                   |  1- 3 |  4- 6 |  7- 9 | 10-12 || total
-------------------------+-------+-------+-------+-------++-------
Melee: Hand axe          |    78 |    42 |       |       ||   120
       Headbutt          |    10 |    11 |    49 |    95 ||   165
       War axe           |       |    51 |   191 |       ||   242
       Punch             |       |     1 |     2 |       ||     3
       Battleaxe         |       |       |    58 |   485 ||   543
       Short sword       |       |       |       |     5 ||     5
Throw: Dart              |       |       |       |     2 ||     2
Invok: Berserk           |       |       |     2 |     7 ||     9
       Trog's Hand       |       |       |       |     1 ||     1
       Brothers in Arms  |       |       |       |     1 ||     1
  Use: Scroll            |       |       |       |    24 ||    24
       Potion            |       |       |       |     1 ||     1
Armor: Chain mail        |    43 |    41 |       |       ||    84
       Plate armour      |       |    16 |   154 |   197 ||   367
Dodge: Dodged            |    37 |    41 |    92 |   198 ||   368
Block: Other             |       |       |     7 |    97 ||   104
       Reflection        |       |       |     1 |     6 ||     7
